 Dungeon Crawl Stone Soup version 0.31-a0-358-gac0dbeb3ab (webtiles) character file.

Game seed: 2878872801016499035

43262 Conn the Eclecticist (level 13, -14/105 HPs)
             Began as a Deep Elf Fire Elementalist on July 25, 2023.
             Was an Elder of Sif Muna.
             Demolished by Saint Roka
             ... wielding a +1 bardiche of venom
              (24 damage)
             ... on level 2 of the Orcish Mines on July 26, 2023.
             The game lasted 01:44:28 (19123 turns).

Conn the Eclecticist (Deep Elf Fire Elementalist)  Turns: 19123, Time: 01:44:32

Health: -14/105    AC: 30    Str:  7    XL:     13   Next: 89%
Magic:  5/34       EV:  2    Int: 30    God:    Sif Muna [****..]
Gold:   1400       SH:  0    Dex: 15    Spells: 2/43 levels left

rFire   + . .        f - +11 long sword of Popular Demand {protect, *Noise +Blink Int+4}
rCold   x . .        (no shield)
rNeg    . . .        W - melded +2 robe {rF+}
rPois   +            k - melded +0 helmet "Wively" {MP+9 Dex+3}
rElec   .            E - melded +1 cloak "Dugyny" {Will++ Int+3}
rCorr   .            c - melded +2 pair of gloves
SInv    +            i - melded +0 pair of boots
Will    +....        g - amulet "Gaewkujecan" {Acrobat Rampage Str+2 SInv}
Stlth   +++          m - ring of fire
HPRegen 0.37/turn    R - +4 ring of protection
MPRegen 0.24/turn

%: acrobat, rampage
@: tree-form, very slightly contaminated, studying Fighting
A: stationary, stasis, torment immunity, boosted hp
a: Renounce Religion, Evoke Blink, Channel Magic, Forget Spell, Divine Exegesis


You were on level 2 of the Orcish Mines.
You worshipped Sif Muna.
Sif Muna was greatly pleased with you.
You were a tree.
You visited 3 branches of the dungeon, and saw 18 of its levels.
You also visited: Gauntlet.

You collected 1668 gold pieces.
You spent 268 gold pieces at shops.

Inventory:

Hand Weapons
 f - the +11 long sword of Popular Demand (weapon) {protect, *Noise +Blink Int+4}
   (You took it off a minotaur in a Gauntlet)

   Int:       It affects your intelligence (+4).
   +Blink:    It lets you blink.
   *Noise:    It may make noises in combat.
 D - the +7 dagger "Esikesk" {pain, Int+2 Dex+2}
   (You found it on level 5 of the Dungeon)

   Int:       It affects your intelligence (+2).
   Dex:       It affects your dexterity (+2).
Missiles
 o - 41 poisoned darts
 u - a throwing net
 z - a curare-tipped dart
 B - 2 boomerangs of dispersal
Armour
 c - a +2 pair of gloves (melded)
 i - a +0 pair of boots (melded)
 j - a +0 kite shield of protection
 k - the +0 helmet "Wively" (melded) {MP+9 Dex+3}
   (You bought it in a shop on level 5 of the Dungeon)

   Dex:       It affects your dexterity (+3).
   MP:        It affects your magic capacity (+9).
 w - a +2 robe of positive energy
 x - a +2 robe of cold resistance
 E - the +1 cloak "Dugyny" (melded) {Will++ Int+3}
   (You acquired it on level 14 of the Dungeon)

   Int:       It affects your intelligence (+3).
   Will:      It greatly increases your willpower.
 G - a scarf of invisibility
 W - a +2 robe of fire resistance (melded)
 X - +0 acid dragon scales
Magical Staves
 a - a staff of earth
 T - a staff of air
Jewellery
 g - the amulet "Gaewkujecan" (around neck) {Acrobat Rampage Str+2 SInv}
   (You found it in a Gauntlet)

   [amulet of the acrobat]

   It increases your evasion while moving and waiting.
   Str:       It affects your strength (+2).
   SInv:      It lets you see invisible.
   Rampage:   It bestows one free step when moving towards enemies.
 m - a ring of fire (left branch)
 v - an amulet of magic regeneration
 F - a +6 ring of dexterity
 R - a +4 ring of protection (right branch)
 V - an amulet of guardian spirit
Wands
 n - a wand of iceblast (10)
 p - a wand of paralysis (32)
 I - a wand of polymorph (5)
 L - a wand of flame (31)
 Z - a wand of mindburst (5)
Scrolls
 d - a scroll of brand weapon
 r - 9 scrolls of identify
 t - a scroll of silence
 y - a scroll of blinking
 C - 5 scrolls of enchant weapon
 H - a scroll of noise
 J - 2 scrolls of amnesia
 K - a scroll of revelation
 P - a scroll of fog
 Q - a scroll of immolation
Potions
 b - a potion of cancellation
 e - 2 potions of attraction
 l - a potion of resistance
 q - a potion of ambrosia
 A - a potion of brilliance
 M - a potion of mutation
 O - a potion of might
 U - 4 potions of berserk rage
 Y - a potion of magic
Miscellaneous
 h - a phantom mirror (inert)


   Skills:
 + Level 3.7 Fighting
 + Level 2.0 Short Blades
 + Level 0.1(1.1) Long Blades
 + Level 0.2 Maces & Flails
 + Level 0.5 Throwing
 + Level 5.0 Dodging
 + Level 6.3 Stealth
 * Level 2.8 Shields
 - Level 15.9 Spellcasting
 + Level 10.2 Conjurations
 - Level 4.0 Hexes
 + Level 5.0 Summonings
 + Level 0.1 Translocations
 + Level 11.6 Fire Magic
 + Level 8.0 Ice Magic
 + Level 6.1 Air Magic
 + Level 3.7 Poison Magic
 + Level 6.6 Invocations
 * Level 5.3 Evocations


You had 2 spell levels left.
You knew the following spells:

 Your Spells              Type           Power      Damage    Failure   Level
a - Foxfire               Conj/Fire      100%       2x1d9     1%          1
b - Scorch                Fire           100%       2d9       1%          2
c - Inner Flame           Hex/Fire       82%        N/A       1%          3
d - Flame Wave            Conj/Fire      94%        2d20      1%          4
e - Magic Dart            Conj           100%       1d8       1%          1
f - Mephitic Cloud        Conj/Pois/Air  59%        N/A       1%          3
g - Call Imp              Summ           100%       N/A       1%          2
h - Ozocubu's Armour      Ice            64%        N/A       1%          3
i - Plasma Beam           Fire/Air       43%        2x1d57    8%          6
j - Metabolic Englaciati  Hex/Ice        28%        N/A       4%          5
k - Arcjolt               Conj/Air       32%        1d42      1%          5
l - Starburst             Conj/Fire      47%        6d13      3%          6

Your spell library contained the following spells:

 Spells                   Type           Power      Damage    Failure   Level
 Necrotise                Necr           92%        1d8       1%          1
 Tukima's Dance           Hex            47%        N/A       1%          3
 Vhi's Electric Charge    Tloc/Air       84%        N/A       1%          3
 Volatile Blastmotes      Fire/Tloc      100%       2d18      1%          3
 Vampiric Draining        Necr           23%        2d7       6%          3
 Conjure Ball Lightning   Conj/Air       32%        3x3d10    10%         6
 Passage of Golubria      Tloc           24%        N/A       19%         4
 Yara's Violent Unravell  Hex/Tmut       17%        3d8       24%         5
 Leda's Unmaking          Conj/Erth      26%        9d5       34%         6
 Agony                    Necr           23%        N/A       47%         5
 Simulacrum               Ice/Necr       24%        N/A       50%         6
 Eringya's Noxious Bog    Tmut/Pois      17%        4d6       80%         6
 Maxwell's Capacitive Co  Air            28%        ∞         100%        8


Dungeon Overview and Level Annotations

Branches:
Dungeon (15/15)            Temple (1/1) D:5            Lair (0/5) D:11
    Orc (2/2) D:10         Vaults (0/5) D:13        Gauntlet (visited)
    Elf: Orc:2       Depths: D:15

Altars:
Ashenzari
Cheibriados
Dithmenos
Elyvilon
Fedhas
Gozag
Hepliaklqana
Kikubaaqudgha
Makhleb
Nemelex Xobeh
Okawaru
Qazlal
Ru
Sif Muna
Trog
Uskayaw
Vehumet
Wu Jian
Xom
Yredelemnul
Zin
The Shining One

Shops:
D:4 !   D:5 [(!

Annotations:
D:12 1 transporter
Orc:2 Saint Roka


Message History

Flame seeps out of Saint Roka.
Saint Roka hits you from afar with a +1 bardiche of venom.
* * * LOW HITPOINT WARNING * * *
Your cerulean imp hits Saint Roka but does no damage.
Casting: Arcjolt (dangerous; 1% risk of failure)
Confirm with . or Enter, or press ? or * to list all spells.
Casting: Starburst (dangerous; 3% risk of failure)
Press: ? - help, Dir - look around, f - activate You feel a surge of power!
The bolt of fire hits your cerulean imp!!
You kill your cerulean imp!
Your cerulean imp disappears in a puff of smoke!
The bolt of fire hits Saint Roka!
Saint Roka resists.
Flame seeps out of Saint Roka.
Saint Roka is severely wounded.
Flame seeps out of Saint Roka.
Saint Roka hits you from afar with a +1 bardiche of venom.
* * * LOW HITPOINT WARNING * * *
Casting: Starburst (dangerous; 3% risk of failure)
Confirm with . or Enter, or press ? or * to list all spells.
Okay, then.
You feel better.
Saint Roka hits you from afar with a +1 bardiche of venom!
* * * LOW HITPOINT WARNING * * *
Casting: Starburst (dangerous; 3% risk of failure)
Confirm with . or Enter, or press ? or * to list all spells.
Okay, then.
Unknown command.
Unknown command.
Okay, then.
Unknown command.
Casting: Starburst (dangerous; 3% risk of failure)
Confirm with . or Enter, or press ? or * to list all spells.
Casting: Starburst (dangerous; 3% risk of failure)
Press: ? - help, Dir - look around, f - activate You feel a surge of power!
You miscast Starburst.
You are very lightly contaminated with residual magic.
Nothing appears to happen.
Saint Roka hits you from afar with a +1 bardiche of venom!!
You die...

# ##.## ##..... #...#
##...... .. ##.##
##....... ...
#...#####........
....#####....##.#...#....
.......8.[)[[)[..........
.....[o[[.)#[##....#.....
......[[[.....###........
....o.).♣..[..# #........
.....[.8.......##.......#
....#####.....####..._..#
.... ..#.### ##.....# ..#
#..### #.....# .. ####
######. #. #. ##


You could see Saint Roka (inner flame, very poisoned) and an orc (strong).

Vanquished Creatures
  Jorgrun (Orc:1)
  A minotaur (Gauntlet)
  The ghost of Qioq the Marksspriggan, a journeyman SpHu of Hepliaklqana (Orc:1)
  2 hydras (D:14)
  2 boulder beetles
  A centaur warrior (D:13)
  2 two-headed ogres
  The ghost of Olga the Cleaver, a novice DrWr of Hepliaklqana (D:9)
  3 death yaks (D:11)
  Urug (Orc:2)
  An orc high priest (Orc:2)
  The ghost of ouz the Slicer, a novice VSGl of Uskayaw (D:9)
  Nergalle (Orc:2)
  3 deep elf pyromancers
  4 orc knights (Orc:2)
  3 orc sorcerers (Orc:2)
  4 cyclopes
  14 ugly things
  7 manticores
  A black mamba (shapeshifter) (D:13)
  Maurice (Orc:2)
  A smoke demon (Gauntlet)
  A gargoyle (D:12)
  2 efreet
  A komodo dragon (D:13)
  A wolf spider simulacrum (D:9)
  3 trolls
  A raiju (Gauntlet)
  2 shadows
  6 slime creatures
  2 vampires
  A wraith (D:11)
  A basilisk (D:14)
  16 yaks
  A wyvern (D:6)
  A human (shapeshifter) (D:14)
  Eustachio (D:4)
  Grum (D:11)
  A steam dragon (Gauntlet)
  7 vampire mosquitoes
  5 wargs
  Edmund (D:5)
  2 acid dragons
  A swamp worm (shapeshifter) (D:13)
  7 water moccasins
  A floating eye (shapeshifter) (D:13)
  25 orc warriors
  An ice beast (D:6)
  A black bear (D:7)
  3 wolves (D:11)
  7 ogres
  6 centaurs
  A phantom (D:4)
  2 kobold brigands
  3 bullfrogs
  2 necrophages (D:5)
  2 scorpions (D:6)
  17 wights
  A jelly (D:6)
  5 howler monkeys
  A spectral bullfrog (D:5)
  A bullfrog zombie (D:5)
  4 crimson imps (Gauntlet)
  A wyvern simulacrum (D:5)
  3 hounds
  13 orc priests
  A bullfrog skeleton (D:5)
  2 sleepcaps (D:4)
  Jessica (D:3)
  Ijyb (D:3)
  Natasha (thrice) (D:4)
  4 iguanas
  24 orc wizards
  Robin (D:4)
  7 gnolls
  7 adders
  A shadow imp (D:6)
  A white imp (D:7)
  3 ufetubi
  A worm (D:2)
  3 dart slugs
  64 orcs
  3 ball pythons
  7 bats
  6 endoplasms
  4 giant cockroaches
  18 goblins
  5 hobgoblins
  3 frilled lizards (D:3)
  14 kobolds
  3 rats
  A foxfire (Orc:2)
409 creatures vanquished.

Vanquished Creatures (collateral kills)
  An orange crystal statue (Gauntlet)
1 creature vanquished.

Vanquished Creatures (others)
  A howler monkey (D:10)
  A centaur simulacrum (D:10)
  940 foxfires
942 creatures vanquished.

Grand Total: 1352 creatures vanquished

Notes
Turn   | Place    | Note
-------+----------+-------------------------------------------
     0 | D:1      | Conn the Deep Elf Fire Elementalist began the quest for the
                  | Orb.
     0 | D:1      | Reached XP level 1. HP: 10/10 MP: 6/6
    57 | D:1      | Found a faded altar of an unknown god.
   880 | D:2      | Found a bloodstained altar of Trog.
   898 | D:2      | Reached XP level 2. HP: 15/15 MP: 0/8
  1218 | D:2      | Reached XP level 3. HP: 19/19 MP: 1/9
  1580 | D:3      | Noticed Ijyb
  1629 | D:2      | Learned a level 2 spell: Scorch
  1633 | D:2      | Learned a level 3 spell: Inner Flame
  1675 | D:3      | Noticed Jessica
  1678 | D:3      | Killed Jessica
  1679 | D:3      | Reached XP level 4. HP: 19/24 MP: 4/11
  1688 | D:3      | Learned a level 4 spell: Flame Wave
  1922 | D:3      | Killed Ijyb
  1923 | D:3      | Reached skill level 4 in Spellcasting
  2436 | D:3      | Learned a level 1 spell: Magic Dart
  2444 | D:4      | Reached XP level 5. HP: 28/28 MP: 10/13
  2462 | D:3      | Reached skill level 5 in Fire Magic
  2692 | D:4      | Noticed Eustachio
  2702 | D:4      | Noticed a phantom
  2707 | D:4      | Killed a phantom
  2711 | D:4      | Reached skill level 5 in Spellcasting
  2711 | D:4      | Reached XP level 6. HP: 26/33 MP: 0/15
  2834 | D:3      | Learned a level 3 spell: Mephitic Cloud
  2928 | D:5      | Entered Level 5 of the Dungeon
  2928 | D:5      | Found Wacwun's Antique Armour Shoppe.
  2928 | D:5      | Found Cacvik's Weapon Shoppe.
  2928 | D:5      | Found Badd's Distillery.
  2930 | D:5      | Bought a fading helmet for 180 gold pieces
  2930 | D:5      | Identified the +0 helmet "Wively" {MP+9 Dex+3} (You bought
                  | it in a shop on level 5 of the Dungeon)
  3141 | D:4      | Noticed Robin
  3145 | D:4      | Killed Robin
  3164 | D:4      | Killed Eustachio
  3165 | D:4      | Reached skill level 1 in Short Blades
  3298 | D:4      | Reached skill level 1 in Hexes
  3298 | D:4      | Reached XP level 7. HP: 34/37 MP: 17/17
  3350 | D:4      | Learned a level 2 spell: Call Imp
  3406 | D:4      | Found Taolysugg's Distillery.
  3406 | D:4      | Noticed Natasha
  3411 | D:4      | Killed Natasha
  3412 | D:4      | Reached skill level 6 in Spellcasting
  3489 | D:4      | Noticed Natasha
  3493 | D:4      | Killed Natasha
  3501 | D:4      | Reached skill level 7 in Spellcasting
  3621 | D:3      | Learned a level 3 spell: Ozocubu's Armour
  3681 | D:4      | Noticed Natasha
  3685 | D:4      | Killed Natasha
  4202 | D:5      | Noticed Edmund
  4208 | D:5      | Killed Edmund
  4209 | D:5      | Reached XP level 8. HP: 42/42 MP: 19/21
  4311 | D:5      | Found a staircase to the Ecumenical Temple.
  4320 | Temple   | Entered the Ecumenical Temple
  4390 | Temple   | Became a worshipper of Sif Muna the Loreminder
  4649 | D:5      | Reached skill level 8 in Spellcasting
  4649 | D:5      | Reached skill level 1 in Summonings
  4649 | D:5      | Reached skill level 1 in Ice Magic
  5019 | D:5      | Reached skill level 5 in Conjurations
  5034 | D:5      | Reached * piety under Sif Muna
  5040 | D:5      | Reached skill level 9 in Spellcasting
  5088 | D:5      | Identified the +7 dagger "Esikesk" {pain, Int+2 Dex+2}
  5546 | D:6      | Reached XP level 9. HP: 46/46 MP: 24/24
  5624 | D:5      | Bought a potion of heal wounds for 55 gold pieces
  5624 | D:5      | Bought a potion of curing for 33 gold pieces
  6473 | D:7      | Learned a level 3 spell: Vhi's Electric Charge
  6504 | D:7      | Reached skill level 1 in Invocations
  6776 | D:8      | Reached skill level 5 in Stealth
  6780 | D:8      | Reached skill level 10 in Spellcasting
  6915 | D:8      | Reached ** piety under Sif Muna
  7061 | D:8      | Found an iron altar of Okawaru.
  7076 | D:8      | Reached skill level 1 in Air Magic
  7076 | D:8      | Reached XP level 10. HP: 32/51 MP: 26/26
  8030 | D:9      | Noticed a two-headed ogre
  8486 | D:9      | Killed a two-headed ogre
  8593 | D:9      | Found a runed translucent gate.
  8594 | D:9      | Found a runed translucent gate.
  8599 | D:9      | Found a runed translucent gate.
  8599 | D:9      | Noticed Olga's ghost (novice DrWr)
  8600 | D:9      | Noticed ouz's ghost (novice VSGl)
  8617 | D:9      | Killed ouz's ghost
  8621 | D:9      | Killed Olga's ghost
  8622 | D:9      | Reached skill level 11 in Spellcasting
  8622 | D:9      | Reached skill level 5 in Ice Magic
  8777 | D:10     | Entered Level 10 of the Dungeon
  8814 | D:10     | Learned a level 5 spell: Metabolic Englaciation
  9004 | D:10     | Reached XP level 11. HP: 55/55 MP: 14/28
  9153 | D:10     | Noticed a deep elf pyromancer
  9172 | D:11     | Learned a level 5 spell: Arcjolt
  9287 | D:11     | Reached skill level 1 in Poison Magic
  9293 | D:11     | Noticed a purple ugly thing
  9294 | D:11     | Noticed a death yak
  9295 | D:11     | Noticed a death yak
  9296 | D:11     | Noticed a death yak
  9300 | D:11     | Killed a purple ugly thing
  9308 | D:11     | Killed a death yak
  9309 | D:11     | Reached skill level 12 in Spellcasting
  9311 | D:11     | Reached skill level 1 in Fighting
  9311 | D:11     | Killed a death yak
  9320 | D:11     | Reached *** piety under Sif Muna
  9321 | D:11     | Killed a death yak
  9475 | D:11     | Reached skill level 13 in Spellcasting
  9679 | D:10     | Reached skill level 1 in Evocations
  9851 | D:10     | Killed a deep elf pyromancer
  9919 | D:10     | Found a staircase to the Orcish Mines.
 10522 | Orc:1    | Entered Level 1 of the Orcish Mines
 10553 | Orc:1    | Noticed Jorgrun
 10873 | D:11     | Found a staircase to the Lair.
 10928 | D:11     | Noticed Grum
 10939 | D:11     | Killed Grum
 11363 | D:12     | Reached XP level 12. HP: 61/61 MP: 31/31
 11461 | D:12     | Reached skill level 14 in Spellcasting
 11480 | D:12     | Noticed a boulder beetle
 11515 | D:12     | Killed a boulder beetle
 11750 | D:12     | Found a transporter.
 11752 | D:12     | Found a transporter.
 11754 | D:12     | Found a transporter.
 11758 | D:12     | Found a transporter.
 12135 | D:13     | Noticed a centaur warrior
 12148 | D:13     | Reached skill level 5 in Invocations
 12166 | D:13     | Killed a centaur warrior
 12310 | D:13     | Noticed a two-headed ogre
 12316 | D:13     | Killed a two-headed ogre
 12317 | D:13     | Reached skill level 5 in Air Magic
 12623 | D:13     | Reached skill level 15 in Spellcasting
 12710 | D:13     | Found a gate to the Vaults.
 13131 | D:14     | Reached skill level 10 in Fire Magic
 13291 | D:14     | Identified a scroll of acquirement
 13291 | D:14     | Acquired the +1 cloak "Dugyny" {Will++ Int+3}
 13463 | D:14     | Found a gate leading to a gauntlet.
 13472 | Gauntlet | Entered a Gauntlet
 13472 | Gauntlet | Found a transporter.
 13482 | Gauntlet | Found a transporter.
 13497 | Gauntlet | Found a transporter.
 13502 | Gauntlet | Found a transporter.
 13513 | Gauntlet | Noticed a death scarab
 13517 | Gauntlet | Found a transporter.
 13518 | Gauntlet | Noticed a death scarab
 13536 | Gauntlet | Found a transporter.
 13547 | Gauntlet | Noticed a catoblepas
 13548 | Gauntlet | Found a transporter.
 13560 | Gauntlet | Found a transporter.
 13572 | Gauntlet | Found a transporter.
 13580 | Gauntlet | Noticed a catoblepas
 13587 | Gauntlet | Found a transporter.
 13601 | Gauntlet | Found a transporter.
 13619 | Gauntlet | Found a transporter.
 13621 | Gauntlet | Found a transporter.
 13646 | Gauntlet | Found a transporter.
 13648 | Gauntlet | Found a transporter.
 13668 | Gauntlet | Found a transporter.
 13746 | Gauntlet | Found a transporter.
 13766 | Gauntlet | Found a transporter.
 14225 | Gauntlet | Identified the amulet "Gaewkujecan" {Acrobat Rampage Str+2
                  | SInv}
 14416 | Gauntlet | Identified the +11 long sword of Popular Demand {protect,
                  | *Noise +Blink Int+4}
 14416 | Gauntlet | Noticed a minotaur
 14470 | Gauntlet | Killed a minotaur
 14471 | Gauntlet | Reached skill level 5 in Summonings
 14698 | D:14     | Noticed a seven-headed hydra
 14709 | D:14     | Killed a seven-headed hydra
 14805 | D:14     | Reached XP level 13. HP: 37/66 MP: 26/34
 14818 | D:14     | Reached **** piety under Sif Muna
 14980 | D:14     | Reached skill level 1 in Shields
 15604 | D:15     | Entered Level 15 of the Dungeon
 16061 | Orc:1    | Noticed Qioq's ghost (journeyman SpHu)
 16063 | Orc:1    | Found a runed translucent gate.
 16063 | Orc:1    | Found a runed translucent gate.
 16063 | Orc:1    | Found a runed translucent gate.
 16337 | Orc:1    | Killed Jorgrun
 16338 | Orc:1    | Reached skill level 5 in Dodging
 16672 | Orc:1    | Killed Qioq's ghost
 16891 | Orc:2    | Entered Level 2 of the Orcish Mines
 17418 | Orc:2    | Noticed Nergalle
 17426 | Orc:2    | Killed Nergalle
 17432 | Orc:2    | Noticed Maurice
 17448 | Orc:2    | Killed Maurice
 17574 | Orc:2    | Reached skill level 10 in Conjurations
 17623 | Orc:2    | Noticed Saint Roka
 18012 | Orc:2    | Reached skill level 5 in Evocations
 18644 | Orc:2    | Reached ***** piety under Sif Muna
 18881 | Orc:2    | Noticed Urug
 18895 | Orc:2    | Killed Urug
 18895 | Orc:2    | Received a gift from Sif Muna
 18896 | Orc:2    | Got Sif Muna's Advanced Steps in Willworking {god gift}
 19023 | Orc:1    | Learned a level 6 spell: Starburst
 19031 | Orc:1    | Learned a level 6 spell: Plasma Beam
 19123 | Orc:2    | Demolished by Saint Roka

Illustrated notes

Levels and vault maps discovered:
D:1:      lightli_arrival_maybe_door_vault, layout_basic,
          ebering_ecumenical_altar_mist
D:2:      layout_rooms, basic_altar, hangedman_decor_opposing
D:3:      layout_rooms, minmay_surrounded, uniq_ijyb, uniq_jessica
D:4:      layout_cave_pools, serial_shops, nicolae_shop_hallway_plus,
          uniq_eustachio, uniq_robin, uniq_natasha
D:5:      layout_loops_ring, minmay_temple_entry_purple_smoke,
          minmay_door_square, nicolae_shop_distant_corner_stores,
          dilly_guarded_unrand_morg, uniq_edmund
D:6:      layout_basic, minmay_misc_feat_doors
D:7:      layout_rooms
D:8:      cheibrodos_quashed, layout_cave_pods,
          mainiacjoe_overflow_small_starburst, kennysheep_generic_room_15
D:9:      layout_basic, gammafunk_ghost_cemetery
D:10:     minmay_curly_fans, layout_cave_pods, orc_0_dummy, hex_large
D:11:     layout_cave_pools, dpeg_lair_monsters, uniq_grum
D:12:     layout_rooms, nicolae_diode_quadrants
D:13:     layout_irregular_city, david_vaults_2, water_boxes_lemuel
D:14:     layout_loops_ring, gauntlet_entry_generic
D:15:     grunt_enter_depths_hoard, layout_basic, solitary_fountain,
          serial_shops, nicolae_square_shop
Temple:   mainiacjoe_temple_starburst
Orc:1:    layout_caves, gammafunk_ghost_split, uniq_jorgrun
Orc:2:    grunt_orc_cross, layout_caves, basic_altar, uniq_maurice, uniq_rupert

Skill      XL: |  1  2  3  4  5  6  7  8  9 10 11 12 13 |
---------------+----------------------------------------+-----
Fire Magic     | 4 5 6 7 8 9 10 11 | 11.6
Stealth        | 3 5 6 |  6.3
Conjurations   | 2 3 4 5 6 7 8 9 10 | 10.2
Spellcasting   | 4 5 7 9 10 11 13 15 | 15.9
Dodging        | 3 4 5 |  5.0
Short Blades   | 1 2 |  2.0
Hexes          | 1 3 4 |  4.0
Summonings     | 3 4 5 |  5.0
Ice Magic      | 3 4 5 6 7 8 |  8.0
Invocations    | 2 4 5 6 |  6.6
Air Magic      | 1 3 4 5 6 |  6.1
Poison Magic   | 1 2 3 |  3.7
Fighting       | 1 2 3 |  3.7
Evocations     | 1 2 5 |  5.3
Shields        | 2 |  2.8
Long Blades    | |  0.1
Maces & Flails | |  0.2
Throwing       | |  0.5
Translocations | |  0.1

Action                     |  1- 3 |  4- 6 |  7- 9 | 10-12 | 13-15 || total
---------------------------+-------+-------+-------+-------+-------++-------
  Melee: Dagger            |    18 |       |    34 |    60 |       ||   112
         Rapier            |       |    23 |       |       |       ||    23
         Dire flail        |       |       |    24 |       |       ||    24
         Long sword        |       |       |       |       |    10 ||    10
         Punch             |       |       |       |       |     2 ||     2
  Throw: Dart              |     4 |       |       |       |       ||     4
   Cast: Foxfire           |    48 |    75 |   180 |    94 |   133 ||   530
         Scorch            |     2 |    18 |    41 |    65 |    50 ||   176
         Inner Flame       |       |     1 |       |    25 |    30 ||    56
         Flame Wave        |       |       |     8 |    46 |    20 ||    74
         Mephitic Cloud    |       |       |     1 |    51 |    37 ||    89
         Ozocubu's Armour  |       |       |     1 |    15 |     8 ||    24
         Magic Dart        |       |       |       |     5 |       ||     5
         Call Imp          |       |       |       |     8 |     6 ||    14
         Metabolic Englaci |       |       |       |    12 |    16 ||    28
         Arcjolt           |       |       |       |    10 |    20 ||    30
         Vhi's Electric Ch |       |       |       |     1 |       ||     1
         Plasma Beam       |       |       |       |       |     4 ||     4
         Starburst         |       |       |       |       |     1 ||     1
 Invoke: Channel Magic     |       |       |       |     5 |     5 ||    10
  Evoke: Wand              |       |       |       |     2 |       ||     2
         Phantom mirror    |       |       |       |     1 |     2 ||     3
    Use: Scroll            |     1 |     4 |     2 |    19 |     9 ||    35
         Potion            |       |     4 |     1 |     7 |     6 ||    18
   Stab: Sleeping          |     2 |     1 |     8 |     4 |       ||    15
         Confused          |       |       |       |     6 |       ||     6
         Paralysed         |       |       |       |     1 |       ||     1
 Armour: Robe              |     6 |     3 |    28 |    62 |    26 ||   125
  Dodge: Dodged            |    21 |    17 |    77 |   113 |    48 ||   276

Table legend: (Time is in decaauts)
 A = Elapsed time spent in this place.
 B = Non-inter-level travel time spent in this place.
 C = Inter-level travel time spent in this place.
 D = Time resting spent in this place.
 E = Time spent auto-exploring this place.
 F = Levels seen in this place.
 G = Mean time per level.
                   A        B        C        D        E       F      G
               +--------+--------+--------+--------+--------+-----+--------+
         Total |  19124 |  18365 |    759 |   3279 |   9804 |  19 | 1006.5 |
       Dungeon |  14632 |  13928 |    704 |   1897 |   8485 |  15 |  975.5 |
        Temple |    123 |     70 |     53 |      0 |      0 |   1 |  123.0 |
  Orcish Mines |   3177 |   3175 |      2 |   1050 |   1028 |   2 | 1588.5 |
      Gauntlet |   1191 |   1191 |      0 |    332 |    291 |   1 | 1191.0 |
               +--------+--------+--------+--------+--------+-----+--------+

Top non-repeatable levels by time:
   Orc:1: 1953 daAuts
    D:10: 1717 daAuts
     D:5: 1318 daAuts
    D:14: 1302 daAuts
     D:3: 1270 daAuts
     D:8: 1228 daAuts
   Orc:2: 1224 daAuts
    D:13: 1216 daAuts
Gauntlet: 1191 daAuts
     D:4: 1015 daAuts
    D:11: 963 daAuts
     D:1: 878 daAuts
     D:2: 860 daAuts
     D:6: 860 daAuts
     D:9: 783 daAuts
